SNL (28 & UNDER)
WEST PALM REDS @ MEMPHIS BLUES
07/19/2023
 
TOP OF THE 1ST
West Palm Reds batting - Pitching for Memphis Blues : RHP Paul Lewis
Pitching: RHP Paul Lewis
Batting: SHB Francis Shaffer 0-0: Ball
1-0: SINGLE (Groundball, 34D)
Batting: RHB Juan Vareas 0-0: Ball
1-0: SINGLE (Line Drive, 6MD)
Francis Shaffer to second
Batting: LHB Enrique Cortéz 0-0: Ball
1-0: Fly out, F8 (Flyball, 78D)
Batting: LHB Jeff McKinney 0-0: Called Strike
Francis Shaffer is caught stealing 3rd base
Juan Vareas to second
0-1: Ball
1-1: Ball
2-1: Ball
3-1: Called Strike
3-2: Base on Balls
Batting: SHB Todd Smith 0-0: Ball
1-0: Foul Ball, location: 2F
1-1: SINGLE (Groundball, 34D) (infield hit)
Juan Vareas to third
Jeff McKinney to second
Batting: RHB Jack Ray 0-0: Ball
1-0: Ball
2-0: Called Strike
2-1: Ball
3-1: Foul Ball, location: 2F
3-2: Base on Balls
Juan Vareas scores
Jeff McKinney to third
Todd Smith to second
Batting: LHB Jeff Doss 0-0: Swinging Strike
0-1: Ball
1-1: Ball
2-1: Called Strike
2-2: Foul Ball, location: 2F
2-2: Ball
3-2: Foul Ball, location: 2F
3-2: Foul Ball, location: 2F
3-2: Fly out, F8 (Flyball, 8RD)
Top of the 1st over - 1 run(s), 3 hit(s), 0 error(s), 3 left on base; West Palm 1 - Memphis 0
BOTTOM OF THE 1ST
Memphis Blues batting - Pitching for West Palm Reds : RHP Manabu Mizuno
Pitching: RHP Manabu Mizuno
Batting: RHB Jorge Fuentes 0-0: Called Strike
0-1: Foul Ball, location: 2F
0-2: Strikes out swinging
Batting: RHB Sadao Kato 0-0: Fly out, F7 (Flyball, 7D)
Batting: RHB Peyton Pennington 0-0: Ball
1-0: Ball
2-0: Ground out 6-3 (Groundball, 6)
Bottom of the 1st over - 0 run(s), 0 hit(s), 0 error(s), 0 left on base; West Palm 1 - Memphis 0
TOP OF THE 2ND
West Palm Reds batting - Pitching for Memphis Blues : RHP Paul Lewis
Batting: LHB Bill Smith 0-0: Swinging Strike
0-1: Called Strike
0-2: DOUBLE (Flyball, 8LXD)
Batting: SHB Alex Hayes 0-0: Foul Ball, location: 2F
0-1: Ball
1-1: SINGLE (Flyball, 78S)
Bill Smith to third
Batting: SHB Francis Shaffer 0-0: Ball
1-0: Called Strike
1-1: SINGLE (Groundball, 4MD)
Bill Smith scores
Alex Hayes to second
Runner from 2nd tries for 3rd, SAFE, throw made to third
Batting: RHB Juan Vareas 0-0: Ball
1-0: Ball
2-0: Foul Ball, location: 2F
2-1: Called Strike
2-2: Foul Ball, location: 2F
2-2: Foul Ball, location: 2F
2-2: Strikes out looking
Batting: LHB Enrique Cortéz 0-0: Fly out, F1 (Line Drive, 15)
Batting: LHB Jeff McKinney 0-0: Ball
1-0: Ball
2-0: Foul Ball, location: 2F
2-1: Ball
Wild Pitch!
Alex Hayes scores
Francis Shaffer to second
3-1: Swinging Strike
3-2: Strikes out swinging
Top of the 2nd over - 2 run(s), 3 hit(s), 0 error(s), 1 left on base; West Palm 3 - Memphis 0
BOTTOM OF THE 2ND
Memphis Blues batting - Pitching for West Palm Reds : RHP Manabu Mizuno
Batting: LHB Félix García 0-0: Foul Ball, location: 2F
0-1: Ball
1-1: Ball
2-1: Foul Ball, location: 2F
2-2: Foul Ball, location: 2F
2-2: Fly out, F4 (Popup, 4S)
Batting: RHB Dave O'Neill 0-0: Ball
1-0: Fly out, F9 (Line Drive, 89D)
Batting: RHB John Phillips 0-0: Ball
1-0: Foul Ball, location: 2F
1-1: Ground out 6-3 (Groundball, 6M)
Bottom of the 2nd over - 0 run(s), 0 hit(s), 0 error(s), 0 left on base; West Palm 3 - Memphis 0
TOP OF THE 3RD
West Palm Reds batting - Pitching for Memphis Blues : RHP Paul Lewis
Batting: SHB Todd Smith 0-0: Ball
1-0: Swinging Strike
1-1: Called Strike
1-2: Fly out, F7 (Flyball, 7S)
Batting: RHB Jack Ray 0-0: Foul Ball, location: 2F
0-1: Ball
1-1: Foul Ball, location: 2F
1-2: Fly out, F9 (Flyball, 89M)
Batting: LHB Jeff Doss 0-0: Ball
1-0: Foul Ball, location: 2F
1-1: Called Strike
1-2: Ball
2-2: Ball
3-2: Base on Balls
Batting: LHB Bill Smith 0-0: Swinging Strike
0-1: Called Strike
0-2: Strikes out swinging
Top of the 3rd over - 0 run(s), 0 hit(s), 0 error(s), 1 left on base; West Palm 3 - Memphis 0
BOTTOM OF THE 3RD
Memphis Blues batting - Pitching for West Palm Reds : RHP Manabu Mizuno
Batting: RHB Raúl Perales 0-0: Foul Ball, location: 2F
0-1: Ball
1-1: Foul Ball, location: 2F
1-2: Strikes out swinging
Batting: LHB Kieran Farris 0-0: Called Strike
0-1: Foul Ball, location: 2F
0-2: Fly out, F7 (Flyball, 78M)
Batting: RHB Dale O'Feennaghty 0-0: SINGLE (Line Drive, 8RS)
Batting: RHB Jorge Fuentes 0-0: Called Strike
0-1: Called Strike
0-2: Foul Ball, location: 2F
0-2: DOUBLE (Flyball, 8LM)
Dale O'Feennaghty to third
Runner from 3rd tries for Home, SAFE, no throw or cutoff
Batting: RHB Sadao Kato 0-0: Swinging Strike
0-1: Foul Ball, location: 2F
0-2: Ball
1-2: Ball
2-2: Foul Ball, location: 2F
2-2: Foul Ball, location: 2F
2-2: Fly out, F5 (Line Drive, 5S)
Bottom of the 3rd over - 1 run(s), 2 hit(s), 0 error(s), 1 left on base; West Palm 3 - Memphis 1
TOP OF THE 4TH
West Palm Reds batting - Pitching for Memphis Blues : RHP Paul Lewis
Batting: SHB Alex Hayes 0-0: Ball
1-0: Fly out, F9 (Flyball, 9M)
Batting: SHB Francis Shaffer 0-0: DOUBLE (Flyball, 78M)
Batting: RHB Juan Vareas 0-0: Ball
1-0: Called Strike
1-1: Ground out 6-3 (Groundball, 6M)
Francis Shaffer to third
Batting: LHB Enrique Cortéz 0-0: Fly out, F5 (Popup, 5F)
Top of the 4th over - 0 run(s), 1 hit(s), 0 error(s), 1 left on base; West Palm 3 - Memphis 1
BOTTOM OF THE 4TH
Memphis Blues batting - Pitching for West Palm Reds : RHP Manabu Mizuno
Batting: RHB Peyton Pennington 0-0: Called Strike
0-1: Ball
1-1: Ball
2-1: Foul Ball, location: 2F
2-2: Ball
3-2: SOLO HOME RUN (Flyball, 78XD), Distance : 429 ft
Batting: LHB Félix García 0-0: Ball
1-0: Ball
2-0: Called Strike
2-1: Foul Ball, location: 2F
2-2: Strikes out swinging
Batting: RHB Dave O'Neill 0-0: Called Strike
0-1: Ball
1-1: Ground out 6-3 (Groundball, 6)
Batting: RHB John Phillips 0-0: Ground out 5-3 (Groundball, 56)
Bottom of the 4th over - 1 run(s), 1 hit(s), 0 error(s), 0 left on base; West Palm 3 - Memphis 2
TOP OF THE 5TH
West Palm Reds batting - Pitching for Memphis Blues : RHP Paul Lewis
Batting: LHB Jeff McKinney 0-0: Called Strike
0-1: Ball
1-1: Ground out 3-1 (Groundball, 34)
Batting: SHB Todd Smith 0-0: Called Strike
0-1: Foul Ball, location: 2F
0-2: Strikes out looking
Batting: RHB Jack Ray 0-0: Ball
1-0: Fly out, F8 (Flyball, 8RM)
Top of the 5th over - 0 run(s), 0 hit(s), 0 error(s), 0 left on base; West Palm 3 - Memphis 2
BOTTOM OF THE 5TH
Memphis Blues batting - Pitching for West Palm Reds : RHP Manabu Mizuno
Batting: RHB Raúl Perales 0-0: Foul Ball, location: 2F
0-1: Ball
1-1: Foul Ball, location: 2F
1-2: Strikes out looking
Batting: LHB Kieran Farris 0-0: Ball
1-0: Foul Ball, location: 2F
1-1: Called Strike
1-2: Strikes out looking
Batting: RHB Dale O'Feennaghty 0-0: SINGLE (Groundball, 56D)
Batting: RHB Jorge Fuentes 0-0: Swinging Strike
0-1: Ball
1-1: Ball
2-1: Ball
3-1: 2-RUN HOME RUN (Flyball, 7D), Distance : 386 ft
Batting: RHB Sadao Kato 0-0: SINGLE (Line Drive, 7S)
Batting: RHB Peyton Pennington 0-0: Swinging Strike
0-1: Foul Ball, location: 2F
0-2: Ground out 1-3 (Groundball, 13)
Bottom of the 5th over - 2 run(s), 3 hit(s), 0 error(s), 1 left on base; West Palm 3 - Memphis 4
TOP OF THE 6TH
West Palm Reds batting - Pitching for Memphis Blues : RHP Paul Lewis
Batting: LHB Jeff Doss 0-0: Foul Ball, location: 2F
0-1: Foul Ball, location: 2F
0-2: Strikes out looking
Batting: LHB Bill Smith 0-0: Ball
1-0: Ball
2-0: Called Strike
2-1: SINGLE (Groundball, 4MD)
Batting: SHB Alex Hayes 0-0: Ball
1-0: Fly out, F8 (Flyball, 78M)
Batting: SHB Francis Shaffer 0-0: Called Strike
0-1: Ball
1-1: Ball
2-1: Foul Ball, location: 2F
2-2: Fielders Choice at 2nd, U6 (Groundball, 6M)
Top of the 6th over - 0 run(s), 1 hit(s), 0 error(s), 1 left on base; West Palm 3 - Memphis 4
BOTTOM OF THE 6TH
Memphis Blues batting - Pitching for West Palm Reds : RHP Manabu Mizuno
Batting: LHB Félix García 0-0: Called Strike
0-1: Foul Ball, location: 2F
0-2: Ball
1-2: Strikes out swinging passed ball, reaches first!
Batting: RHB Dave O'Neill 0-0: Called Strike
0-1: Called Strike
0-2: Strikes out swinging
Batting: RHB John Phillips 0-0: Ball
1-0: Called Strike
1-1: Ground out 5-3 (Groundball, 5S)
Félix García to second
Batting: RHB Raúl Perales 0-0: Foul Ball, location: 2F
0-1: Foul Ball, location: 2F
0-2: Fly out, F8 (Flyball, 8LXD)
Bottom of the 6th over - 0 run(s), 0 hit(s), 0 error(s), 1 left on base; West Palm 3 - Memphis 4
TOP OF THE 7TH
West Palm Reds batting - Pitching for Memphis Blues : RHP Paul Lewis
Pitching: RHP Jack Taylor
Batting: RHB Juan Vareas 0-0: Ball
1-0: Ground out 3-1 (Groundball, 34)
Batting: LHB Enrique Cortéz 0-0: Fly out, F7 (Flyball, 7M)
Batting: LHB Jeff McKinney 0-0: Foul Ball, location: 2F
0-1: Fly out, F2 (Popup, 2LF)
Top of the 7th over - 0 run(s), 0 hit(s), 0 error(s), 0 left on base; West Palm 3 - Memphis 4
BOTTOM OF THE 7TH
Memphis Blues batting - Pitching for West Palm Reds : RHP Manabu Mizuno
Pitching: RHP Carlos Gonzáles
Batting: LHB Kieran Farris 0-0: Ball
1-0: Ball
2-0: Fly out, F7 (Flyball, 7M)
Batting: RHB Dale O'Feennaghty 0-0: Called Strike
0-1: Ball
1-1: Ball
2-1: Foul Ball, location: 2F
2-2: Strikes out looking
Batting: RHB Jorge Fuentes 0-0: Ball
1-0: Ball
2-0: Foul Ball, location: 2F
2-1: Fly out, F7 (Line Drive, 7M)
Bottom of the 7th over - 0 run(s), 0 hit(s), 0 error(s), 0 left on base; West Palm 3 - Memphis 4
TOP OF THE 8TH
West Palm Reds batting - Pitching for Memphis Blues : RHP Jack Taylor
Now at C: Elliott Rucker
Now at 3B: Iván García
Batting: SHB Todd Smith 0-0: Ball
1-0: Called Strike
1-1: Swinging Strike
1-2: Foul Ball, location: 2F
1-2: Strikes out swinging
Batting: RHB Jack Ray 0-0: Ball
1-0: Ball
2-0: Called Strike
2-1: Ground out 4-3 (Groundball, 4)
Batting: LHB Jeff Doss 0-0: Swinging Strike
0-1: Ball
1-1: Ball
2-1: Foul Ball, location: 2F
2-2: Foul Ball, location: 2F
2-2: Ball
3-2: Base on Balls
Batting: LHB Bill Smith 0-0: Swinging Strike
0-1: Called Strike
0-2: Ball
1-2: Ball
2-2: Ball
3-2: Fly out, F8 (Flyball, 8LS)
Top of the 8th over - 0 run(s), 0 hit(s), 0 error(s), 1 left on base; West Palm 3 - Memphis 4
BOTTOM OF THE 8TH
Memphis Blues batting - Pitching for West Palm Reds : RHP Carlos Gonzáles
Batting: RHB Sadao Kato 0-0: Ball
1-0: DOUBLE (Groundball, 5L)
Batting: RHB Peyton Pennington 0-0: Called Strike
0-1: Fly out, F8 (Flyball, 8LM)
Batting: LHB Félix García 0-0: Intentional Walk
Pinch Hitting: LHB Arturo Rivera 0-0: Ball
1-0: Ball
2-0: Called Strike
2-1: Ground out 4-3 (Groundball, 4S)
Sadao Kato to third
Félix García to second
Pinch Hitting: RHB Bob Orr 0-0: Ground out 1-3 (Groundball, 15)
Bottom of the 8th over - 0 run(s), 1 hit(s), 0 error(s), 2 left on base; West Palm 3 - Memphis 4
TOP OF THE 9TH
West Palm Reds batting - Pitching for Memphis Blues : RHP Jack Taylor
Pitching: RHP Lorenzo Diéguez
Now at SS: Brent Crawford
Now in CF: Arturo Rivera
Pinch Hitting: LHB Raúl Cordero 0-0: Swinging Strike
0-1: Foul Ball, location: 2F
0-2: Ball
1-2: Strikes out swinging
Pinch Hitting: RHB Juan López 0-0: Called Strike
0-1: Ball
1-1: DOUBLE (Flyball, 7LD)
Batting: RHB Juan Vareas 0-0: Called Strike
0-1: Ball
1-1: Swinging Strike
1-2: Fly out, F8 (Flyball, 8RM)
Batting: LHB Enrique Cortéz 0-0: Ball
1-0: Fly out, F7 (Flyball, 7S)
Top of the 9th over - 0 run(s), 1 hit(s), 0 error(s), 1 left on base; West Palm 3 - Memphis 4
This league is powered by Out of the Park Baseball, the baseball management simulation game for PC, Mac and Linux
Wednesday, December 2nd, 2015 - OOTP Baseball 16.8 Build 38